 Dungeon Crawl Stone Soup version 0.21.0-3-g78d12a8 (webtiles) character file.

102296 Jatast the Severer (level 15, -18/134 HPs)
             Began as a Deep Dwarf Monk on Jan 13, 2018.
             Was the Champion of Makhleb.
             Blown up by an orb spider (34 damage)
             ... with an orb of destruction
             ... on level 1 of the Spider Nest.
             The game lasted 01:04:27 (20505 turns).

Jatast the Severer (Deep Dwarf Monk)               Turns: 20505, Time: 01:04:27

Health: -18/134    AC: 18    Str: 26    XL:     15   Next: 85%
Magic:  11/11      EV: 15    Int: 11    God:    Makhleb [******]
Gold:   2586       SH:  0    Dex: 19    Spells: 14/14 levels left

rFire    . . .     SeeInvis .   L - +6 glaive "Usuisoi" {vamp, rC+ MR+}
rCold    + . .     Gourm    .   (shield currently unavailable)
rNeg     + + .     Faith    .   d - +4 ring mail "Jufousow" {Str+5 Dex+4}
rPois    +         Spirit   .   N - +1 hat {MR+}
rElec    .         Reflect  .   X - +0 cloak {+Inv}
rCorr    .         Harm     .   m - +0 pair of gloves
MR       +++++                  Z - +0 pair of boots of Pathos {rN+} (curse)
Stlth    ++........             w - amulet of rage
HPRegen  0.00/turn              r - ring of protection from magic
MPRegen  0.12/turn              F - ring of poison resistance

@: lethally poisoned (-18 -> -18), berserk cooldown, non-regenerating, slowed,
very slow
A: damage resistance, heal wounds, negative energy resistance 1, sense
surroundings 2, no regeneration
a: Heal Wounds, Minor Destruction, Lesser Servant of Makhleb, Major Destruction,
Greater Servant of Makhleb, Renounce Religion, Evoke Berserk Rage, Evoke
Invisibility


You were on level 1 of the Spider Nest.
You worshipped Makhleb.
Makhleb was exalted by your worship.
You were near starving.

You visited 4 branches of the dungeon, and saw 24 of its levels.
You also visited: Labyrinth, Bailey and Ice Cave.

You collected 2893 gold pieces.
You spent 307 gold pieces at shops.

Inventory:

Hand Weapons
 K - a +0 scimitar of flaming
 L - the +6 glaive "Usuisoi" (weapon) {vamp, rC+ MR+}
   (You found it on level 12 of the Dungeon)

   It inflicts no extra harm, but heals its wielder when it wounds a living foe.
   It protects you from cold.
   It affects your resistance to hostile enchantments.
Armour
 d - the +4 ring mail "Jufousow" (worn) {Str+5 Dex+4}
   (You found it on level 2 of the Lair of Beasts)

   It affects your strength (+5).
   It affects your dexterity (+4).
 m - a +0 pair of gloves (worn)
 p - a +2 pair of boots
 M - the +3 warlock's mirror {reflect}
   (You acquired it on level 14 of the Dungeon)
 N - a +1 hat of magic resistance (worn)
 X - a +0 cloak of invisibility (worn)
 Z - the cursed +0 pair of boots of Pathos (worn) {rN+}
   (You bought it in a shop on level 2 of the Orcish Mines)

   It protects you from negative energy.
   It has a curse placed upon it.
Jewellery
 g - an uncursed ring of resist corrosion
 j - an uncursed amulet of the gourmand
 r - a ring of protection from magic (left hand)
 w - an amulet of rage (around neck)
 F - a ring of poison resistance (right hand)
Wands
 o - a wand of acid (10)
 s - a wand of clouds (5)
 C - a wand of flame (128)
 D - a wand of disintegration (6)
 G - a wand of polymorph (77)
 I - a wand of random effects (111)
 J - a wand of paralysis (29)
 U - a wand of enslavement (24)
 V - a wand of iceblast (33)
Scrolls
 e - 3 scrolls of magic mapping
 f - 8 scrolls of identify
 k - 5 scrolls of enchant armour
 n - 13 scrolls of teleportation
 t - a scroll of silence {unknown}
 x - 6 scrolls of enchant weapon
 y - a scroll of blinking
 z - 7 scrolls of remove curse
 B - 3 scrolls of fear
 Q - 6 scrolls of fog
 R - 2 scrolls of holy word
 W - a scroll of brand weapon
Potions
 a - 4 potions of flight
 b - 3 potions of heal wounds
 h - 8 potions of might
 i - 5 potions of curing
 q - 3 potions of cancellation
 u - 3 potions of lignification
 v - 2 potions of magic
 A - a potion of berserk rage
 E - 2 potions of resistance
 H - 5 potions of agility
 O - 2 potions of brilliance
 P - a potion of haste
 S - 2 potions of ambrosia
Books
 l - the Guide on Evil
   (You found it in an ice cave)

   Spells                             Type                      Level
   a - Animate Skeleton               Necromancy                   1
   b - Corpse Rot                     Necromancy                   2
   c - Bolt of Draining               Conjuration/Necromancy       5
   d - Dispel Undead                  Necromancy                   5
   e - Simulacrum                     Ice/Necromancy               6
Miscellaneous
 T - a sack of spiders
Comestibles
 c - 43 rations


   Skills:
 + Level 8.6 Fighting
   Level 18.2(19.7) Axes
 + Level 11.8(15.2) Polearms
 + Level 13.8 Armour
 - Level 5.8 Dodging
 - Level 2.4 Stealth
 - Level 7.7 Invocations
 - Level 10.6 Evocations


You had 14 spell levels left.
You didn't know any spells.

Dungeon Overview and Level Annotations

Branches:
Dungeon (15/15)            Temple (0/1) D:5            Lair (6/6) D:9
  Swamp (0/4) Lair:3       Spider (1/4) Lair:4        Slime (0/5) Lair:5
    Orc (2/2) D:10            Elf (0/3) Orc:2        Vaults (0/5) D:14
 Depths (0/5) D:15

Altars:
Ashenzari
Cheibriados
Fedhas
Makhleb
Nemelex Xobeh
Okawaru
Sif Muna
Trog
Wu Jian
Xom
Zin
The Shining One
Jiyva

Shops:
D:9 *   Orc:2 ((![:***


Innate Abilities, Weirdness & Mutations

You are resistant to damage.
You can heal yourself by infusing magical energy.
You resist negative energy. (rN+)
You passively map the area around you.
You do not regenerate.


Message History

The web tears apart.
The wolf spider hits you but does no damage.
The wolf spider completely misses you.
You are too berserk!
You are too berserk!
You barely miss the wolf spider.
The wolf spider is severely wounded.
The wolf spider hits you but does no damage.
The wolf spider bites you but does no damage.
The orb spider weaves a glowing orb of energy.
An orb of destruction comes into view.
You slice the wolf spider!!
You kill the wolf spider!
Makhleb accepts your kill.
You feel better.
You are no longer berserk.
You are exhausted.
You feel yourself slow down. The orb of destruction hits you!
You die...

,.......#....#.#..#..........
,
#....!.^.#....#.#..#.#....#.
,
...#..#..........#...#<.....
,,
.............#.....#........
* ..#...%..s..........#..##
,, *
#....#.#..§.....(.......## ,
..#.#...s.§.....###..#..## ,
,#....#s#§§...## ##.####
,#....#...@#...# ### ,
......#....#...#
.#.....##.......# ,
.)#...*#..###.## , ....# #..#
*## * #.. #.## ..# ### *, , *


You could see 2 orb spiders and a jumping spider.

Vanquished Creatures
  2 orc warlords (Orc:2)
  A stone giant (Orc:2)
  The ghost of komo4ek the Summoner, a journeyman HuSu of Elyvilon (Orc:1)
  An ettin (Orc:2)
  A fire dragon (Lair:6)
  A minotaur (Lab)
  Josephine (D:11)
  A rakshasa (D:15)
  4 catoblepae
  Erica (D:11)
  2 centaur warriors
  7 two-headed ogres
  2 dancing weapons (D:14)
  2 tengu warriors (D:15)
  4 death yaks (Lair:5)
  3 orc high priests (Orc:2)
  3 lindwurms (Lair:6)
  A lindwurm (shapeshifter) (D:15)
  7 orc knights
  A glowing orange brain (D:15)
  A wolf spider (Spider:1)
  2 necromancers
  2 deep elf magi
  11 ugly things
  A manticore (Lair:6)
  3 orc sorcerers
  3 oklob plants (Lair:5)
  4 cyclopes
  3 ice statues (IceCv)
  2 molten gargoyles (D:14)
  8 centaur zombies
  4 black mambas
  7 torpor snails
  A black mamba (shapeshifter) (D:15)
  Psyche (D:9)
  7 spiny frogs
  4 gargoyles
  3 kobold demonologists
  4 rime drakes
  An efreet (D:15)
  6 komodo dragons
  A tengu conjurer (D:15)
  4 trolls
  5 jumping spiders
  8 hornets
  31 blink frogs
  3 tyrant leeches (Lair:6)
  Grinder (D:3)
  A hippogriff (shapeshifter) (D:15)
  A meliai zombie (D:11)
  A dream sheep (Lair:6)
  A minotaur skeleton (Lab)
  2 flying skulls (D:11)
  11 slime creatures
  6 hippogriffs
  5 wyverns
  4 redbacks (Lair:4)
  2 vampires
  6 shadows
  A wraith (D:14)
  34 yaks
  7 hungry ghosts
  4 basilisks
  8 vampire mosquitoes
  A soldier ant (D:8)
  3 wargs
  A swamp worm (Lair:3)
  3 acid dragons
  A swamp worm (shapeshifter) (D:15)
  10 water moccasins
  2 sky beasts
  11 porcupines
  42 orc warriors
  An eye of draining (D:15)
  11 ice beasts
  2 black bears
  A necrophage (D:5)
  4 boggarts (D:14)
  4 centaurs
  13 ogres
  7 wolves
  7 crocodiles
  Blork the orc (D:4)
  A big kobold (D:8)
  12 bullfrogs
  A water moccasin zombie (D:10)
  2 wyvern skeletons
  3 jellies
  7 scorpions
  12 wights
  2 electric eels (Bailey)
  5 crimson imps
  A lava snake (D:14)
  A bullfrog zombie (D:5)
  2 hounds
  11 orc wizards
  Crazy Yiuf (D:5)
  15 orc priests
  8 centaur skeletons
  7 bullfrog skeletons
  4 iguanas
  18 worker ants
  3 polar bear simulacra (Lair:4)
  2 yak simulacra (Lair:4)
  2 wolf simulacra (Lair:4)
  3 hound zombies
  A hound skeleton (D:4)
  8 adders
  10 gnolls
  A shadow imp (D:12)
  A worm (D:3)
  3 dart slugs
  5 leopard geckos
  79 orcs
  9 giant cockroaches
  18 goblins
  17 hobgoblins
  4 jackals (D:10)
  4 quokkas
  9 bats
  8 frilled lizards
  2 jackal skeletons
  22 kobolds
  A quokka skeleton (D:4)
  2 quokka zombies (D:8)
  12 rats
  4 river rat simulacra (Lair:4)
  A fungus (Lair:5)
  3 plants
743 creatures vanquished.

Vanquished Creatures (collateral kills)
  The ghost of Scuka the Carver, a journeyman BaFi of Cheibriados (D:14)
  2 hydras
  2 two-headed ogres
  A death yak (Lair:5)
  2 orc sorcerers (Orc:2)
  4 ugly things
  A manticore (Lair:6)
  A cyclops (Orc:2)
  3 slime creatures
  A black mamba (Lair:6)
  A centaur zombie (D:11)
  2 molten gargoyles (D:14)
  2 spiny frogs (Lair:5)
  2 komodo dragons
  A troll (Orc:2)
  A meliai zombie (D:11)
  2 flying skulls (D:11)
  2 hippogriffs
  2 shadows (D:11)
  A wraith (D:11)
  A water moccasin (Lair:6)
  2 orc warriors
  2 crocodiles
  2 wights (D:11)
  2 crimson imps
  A hound (D:8)
  A bullfrog skeleton (D:11)
  2 centaur skeletons (D:11)
  A shadow imp (D:11)
  5 orcs
  A goblin (Bailey)
  A fungus (Orc:2)
  A plant (Lair:6)
56 creatures vanquished.

Vanquished Creatures (others)
  An orc wizard (D:13)
  A bush (Lair:4)
  8 fungi
  14 plants
24 creatures vanquished.

Grand Total: 823 creatures vanquished

Notes
Turn   | Place    | Note
-------+----------+-------------------------------------------
     0 | D:1      | Jatast the Deep Dwarf Monk began the quest for the Orb.
     0 | D:1      | Reached XP level 1. HP: 20/20 MP: 1/1
   238 | D:1      | Reached XP level 2. HP: 22/28 MP: 2/2
   578 | D:1      | Reached XP level 3. HP: 22/34 MP: 3/3
   990 | D:2      | Reached XP level 4. HP: 39/44 MP: 4/4
  1174 | D:2      | Found a bloodstained altar of Trog.
  1358 | D:3      | Noticed Grinder
  1389 | D:3      | Killed Grinder
  1389 | D:3      | Reached skill level 5 in Dodging
  1389 | D:3      | Reached XP level 5. HP: 35/51 MP: 5/5
  1389 | D:3      | Reached XP level 6. HP: 42/60 MP: 6/6
  1461 | D:3      | Found a blossoming altar of Fedhas.
  1659 | D:3      | Reached skill level 4 in Axes
  1784 | D:3      | Found a deep blue altar of Sif Muna.
  1784 | D:3      | Found a shimmering altar of Xom.
  1787 | D:3      | Found a burning altar of Makhleb.
  1799 | D:3      | Became a worshipper of Makhleb the Destroyer
  1799 | D:3      | Reached * piety under Makhleb
  1799 | D:3      | Reached ** piety under Makhleb
  1948 | D:3      | Reached skill level 1 in Invocations
  2139 | D:4      | Reached skill level 5 in Axes
  2139 | D:4      | Reached XP level 7. HP: 42/66 MP: 8/8
  2149 | D:4      | Found a shattered altar of Ashenzari.
  2244 | D:4      | Noticed Blork the orc
  2277 | D:4      | Killed Blork the orc
  2502 | D:4      | Reached skill level 6 in Axes
  2593 | D:5      | Entered Level 5 of the Dungeon
  2725 | D:5      | Found a runed door.
  2750 | D:5      | Found an iron altar of Okawaru.
  2858 | D:5      | Reached skill level 5 in Invocations
  2893 | D:5      | Reached XP level 8. HP: 71/73 MP: 12/12
  2896 | D:5      | Reached *** piety under Makhleb
  2947 | D:5      | Reached skill level 7 in Axes
  2985 | D:5      | Found a sparkling altar of Nemelex Xobeh.
  3021 | D:5      | Found a staircase to the Ecumenical Temple.
  3259 | D:5      | Identified the +3 ring mail of Purpose {rCorr} (You found it on level 5 of the Dungeon)
  3312 | D:5      | Noticed Crazy Yiuf
  3316 | D:5      | Killed Crazy Yiuf
  3389 | D:6      | Found an ornate altar of the Wu Jian Council.
  3667 | D:6      | Reached skill level 8 in Axes
  4023 | D:7      | Found a bloodstained altar of Trog.
  4190 | D:7      | Reached skill level 9 in Axes
  4755 | D:7      | Gained mutation: You passively map the area around you. [Deep Dwarf growth]
  4755 | D:7      | Reached XP level 9. HP: 80/80 MP: 14/14
  4945 | D:8      | Reached **** piety under Makhleb
  4969 | D:8      | Reached skill level 10 in Axes
  5270 | D:8      | Noticed a two-headed ogre
  5277 | D:8      | Killed a two-headed ogre
  5277 | D:8      | Reached skill level 11 in Axes
  5375 | D:8      | Noticed a centaur warrior
  5383 | D:8      | Killed a centaur warrior
  5383 | D:8      | Reached skill level 12 in Axes
  5398 | D:8      | Reached XP level 10. HP: 44/87 MP: 15/15
  5572 | D:9      | Reached skill level 13 in Axes
  5588 | D:9      | Found a staircase to the Lair.
  5628 | D:9      | Found Zin's Purification Station.
  5633 | D:9      | Found a glowing silver altar of Zin.
  5669 | D:9      | Noticed a two-headed ogre
  5677 | D:9      | Killed a two-headed ogre
  5699 | D:9      | Reached skill level 14 in Axes
  5966 | D:9      | Noticed a two-headed ogre
  5978 | D:9      | Killed a two-headed ogre
  6036 | D:9      | Noticed Psyche
  6044 | D:9      | Killed Psyche
  6061 | D:10     | Entered Level 10 of the Dungeon
  6165 | D:10     | Reached skill level 15 in Axes
  6404 | D:10     | Found a staircase to the Orcish Mines.
  6438 | D:10     | Reached XP level 11. HP: 90/93 MP: 15/15
  6446 | D:10     | Found a snail-covered altar of Cheibriados.
  6605 | D:11     | Noticed a white ugly thing
  6617 | D:11     | Killed a white ugly thing
  6766 | D:11     | Reached skill level 16 in Axes
  6819 | D:11     | Noticed a white ugly thing
  6832 | D:11     | Killed a white ugly thing
  6929 | D:11     | Noticed a necromancer
  6957 | D:11     | Killed a necromancer
  6963 | D:11     | Noticed Josephine
  6970 | D:11     | Reached skill level 17 in Axes
  6978 | D:11     | Killed Josephine
  6985 | D:11     | Reached ***** piety under Makhleb
  7137 | D:11     | Noticed Erica
  7143 | D:11     | Killed Erica
  7525 | D:12     | Reached skill level 18 in Axes
  7547 | D:12     | Reached XP level 12. HP: 101/102 MP: 15/15
  7736 | D:12     | Identified the +6 glaive "Usuisoi" {vamp, rC+ MR+} (You found it on level 12 of the Dungeon)
  7923 | D:12     | Reached skill level 1 in Armour
  7929 | D:12     | Reached skill level 1 in Polearms
  8448 | Lair:1   | Entered Level 1 of the Lair of Beasts
  9342 | Lair:2   | Reached skill level 5 in Armour
  9419 | Lair:2   | Found a labyrinth entrance.
  9445 | Lab      | Entered a labyrinth
  9471 | Lab      | Found an exit through the horrors of the Abyss.
  9574 | Lab      | Reached skill level 5 in Polearms
  9758 | Lab      | Found an exit through the horrors of the Abyss.
  9981 | Lab      | Noticed a minotaur
  9996 | Lab      | Killed a minotaur
 10000 | Lab      | Got a shimmering steel ring
 10069 | Lair:2   | Identified the ring of Ashannad {Str+4 Dex+3} (You found it in a labyrinth)
 10178 | Lair:2   | Identified the +4 ring mail "Jufousow" {Str+5 Dex+4} (You found it on level 2 of the Lair of Beasts)
 10975 | Lair:3   | Found a staircase to the Swamp.
 11030 | Lair:3   | Reached skill level 1 in Evocations
 11041 | Lair:3   | Reached XP level 13. HP: 108/108 MP: 16/16
 11420 | Lair:4   | Found a frozen archway.
 11459 | IceCv    | Entered an ice cave
 11715 | IceCv    | Identified the Guide on Evil
 12399 | Lair:4   | Found a hole to the Spider Nest.
 12406 | Lair:4   | Reached skill level 5 in Evocations
 12605 | Lair:4   | Reached ****** piety under Makhleb
 12979 | Lair:5   | Found a viscous altar of Jiyva.
 12979 | Lair:5   | Found a staircase to the Slime Pits.
 13667 | Lair:5   | Reached skill level 10 in Armour
 13897 | Lair:6   | Entered Level 6 of the Lair of Beasts
 14058 | Lair:5   | Gained mutation: You resist negative energy. (rN+) [Deep Dwarf growth]
 14058 | Lair:5   | Reached XP level 14. HP: 87/115 MP: 15/15
 14531 | Lair:6   | Found a runed door.
 14589 | Lair:6   | Paralysed by a hornet for 3 turns
 14631 | Lair:6   | Paralysed by a hornet for 2 turns
 14752 | Lair:6   | Reached skill level 10 in Evocations
 15893 | D:14     | Identified a scroll of acquirement
 16025 | D:14     | Reached skill level 5 in Fighting
 16031 | D:14     | Reached skill level 10 in Polearms
 16192 | D:14     | Found a flagged portal.
 16213 | Bailey   | Entered a bailey
 16285 | Bailey   | Found an iron altar of Okawaru.
 16763 | D:14     | Found the +3 warlock's mirror {reflect}
 16814 | D:14     | Noticed Scuka's ghost (journeyman BaFi)
 16838 | D:14     | Killed Scuka's ghost
 17246 | D:14     | Found a gate to the Vaults.
 17406 | D:14     | Reached XP level 15. HP: 126/126 MP: 13/13
 17590 | D:14     | Found a glowing golden altar of the Shining One.
 17664 | D:15     | Entered Level 15 of the Dungeon
 18111 | D:15     | Found a staircase to the Depths.
 18443 | D:15     | Identified the amulet "Nutett" {Harm *Drain rF+ rC+} (You found it on level 15 of the Dungeon)
 18790 | Orc:1    | Entered Level 1 of the Orcish Mines
 18796 | Orc:1    | Noticed komo4ek's ghost (journeyman HuSu)
 18813 | Orc:1    | Killed komo4ek's ghost
 19209 | Orc:2    | Entered Level 2 of the Orcish Mines
 19264 | Orc:2    | Noticed an orc warlord
 19284 | Orc:2    | Killed an orc warlord
 19384 | Orc:2    | Noticed an orc warlord
 19397 | Orc:2    | Killed an orc warlord
 19427 | Orc:2    | Found Bisyuc's Antique Weapon Shop.
 19510 | Orc:2    | Found a staircase to the Elven Halls.
 19512 | Orc:2    | Found Riagair's Distillery.
 19540 | Orc:2    | Bought a potion of might for 60 gold pieces
 19587 | Orc:2    | Found Sewesor's Assorted Antiques.
 19658 | Orc:2    | Found Zyfollod's Antique Armour Boutique.
 19674 | Orc:2    | Bought a pair of jewelled boots for 247 gold pieces
 19684 | Orc:2    | Identified the cursed +0 pair of boots of Pathos {rN+} (You bought it in a shop on level 2 of the Orcish Mines)
 19786 | Orc:2    | Found Haduirid's General Store.
 19811 | Orc:2    | Found Moyhenuy's Book Shop.
 19879 | Orc:2    | Found Ikub's Antique Weapon Shop.
 20007 | Orc:2    | Found Mymit's General Store.
 20434 | Spider:1 | Entered Level 1 of the Spider Nest
 20500 | Spider:1 | HP: 9/201 [wolf spider (16)]
 20505 | Spider:1 | Blown up by an orb spider

Skill      XL: |  1  2  3  4  5  6  7  8  9 10 11 12 13 14 15 |
---------------+----------------------------------------------+-----
Fighting       | 3 4 6 8 |  8.6
Dodging        | 4 5 |  5.8
Axes           | 5 6 9 12 15 18 | 18.2
Invocations    | 2 5 7 |  7.7
Armour         | 7 10 12 13 | 13.8
Polearms       | 6 8 10 11 | 11.8
Evocations     | 1 8 10 | 10.6
Stealth        | |  2.4

Action                   |  1- 3 |  4- 6 |  7- 9 | 10-12 | 13-15 || total
-------------------------+-------+-------+-------+-------+-------++-------
Melee: Hand axe          |   147 |    89 |       |       |       ||   236
       Battleaxe         |       |    77 |   299 |   339 |       ||   715
       Glaive            |       |       |       |   333 |  1747 ||  2080
Invok: Lesser Servant of |       |       |     3 |    11 |    35 ||    49
       Minor Destruction |       |       |       |       |    38 ||    38
 Abil: Heal Wounds       |     1 |     2 |     2 |     7 |    33 ||    45
       Evoke Berserk Rag |       |       |       |       |     2 ||     2
Evoke: Wand              |       |       |       |       |    10 ||    10
  Use: Scroll            |       |     4 |    20 |    11 |     7 ||    42
       Potion            |       |     1 |       |       |       ||     1
 Stab: Sleeping          |     5 |     1 |     3 |     5 |     6 ||    20
       Distracted        |       |       |       |     3 |    15 ||    18
       Petrified         |       |       |       |       |     2 ||     2
  Eat: Chunk             |       |     5 |    30 |    43 |    26 ||   104
       Ration            |       |       |       |     3 |       ||     3
Armor: Robe              |     9 |       |       |       |       ||     9
       Ring mail         |    60 |    89 |   130 |   278 |   722 ||  1279
Dodge: Dodged            |   112 |   165 |   241 |   456 |  1221 ||  2195
